 Dungeon Crawl Stone Soup version 0.31-a0-198-g2ad674f65e (webtiles) character file.

Game seed: 5722878912198767349

184 qw the Skirmisher (level 5, -5/29 HPs)
             Began as a Deep Elf Hunter on June 25, 2023.
             Slain by a gnoll
             ... wielding a +0 club
              (7 damage)
             ... on level 3 of the Dungeon.
             The game lasted 00:00:34 (1334 turns).

qw the Skirmisher (Deep Elf Hunter)                 Turns: 1334, Time: 00:00:35

Health: -5/29      AC:  6    Str: 10    XL:     5   Next: 36%
Magic:  7/7        EV: 11    Int: 14    God:
Gold:   44         SH:  0    Dex: 18    Spells: 4/4 levels left

rFire   . . .        Y - +0 shortbow
rCold   . . .        (shield currently unavailable)
rNeg    . . .        h - +0 ring mail
rPois   .            (no helmet)
rElec   .            f - +0 cloak
rCorr   .            (no gloves)
SInv    .            (no boots)
Will    .....        (no amulet)
Stlth   +            (no ring)
HPRegen 0.24/turn    (no ring)
MPRegen 0.10/turn

%: no passive effects
@: about to teleport
A: no striking features
a: no special abilities


You were on level 3 of the Dungeon.
You visited 1 branch of the dungeon, and saw 3 of its levels.

You collected 44 gold pieces.


   Skills:
 - Level 1.5 Fighting
 + Level 8.9 Ranged Weapons
 - Level 2.4 Dodging
 - Level 1.2 Stealth


You had 4 spell levels left.
You didn't know any spells.
Your spell library was empty.

Inventory:

Hand Weapons
 Y - a +0 shortbow (weapon)
Armour
 f - a +0 cloak (worn)
 h - a +0 ring mail (worn)
Scrolls
 b - a scroll of teleportation
Potions
 a - a potion of mutation {unknown}
 c - a potion of attraction {unknown}
 d - 2 potions of curing
 e - a potion of cancellation {unknown}
 g - a potion of degeneration {unknown}

Dungeon Overview and Level Annotations

Branches:
Dungeon (3/15)

Altars:
Gozag

Annotations:
D:3 Grinder


Message History

You shoot an arrow. The arrow closely misses the gnoll.
The jackal bites you but does no damage.
The jackal closely misses you.
Grinder blinks!
The gnoll hits you with a +0 club. The jackal barely misses you.
The jackal bites you.
Grinder blinks!
The gnoll hits you with a +0 club.
You shoot an arrow. The arrow barely misses the gnoll.
The jackal bites you but does no damage.
The jackal closely misses you. The gnoll hits you but does no damage.
The jackal barely misses you.
The jackal bites you but does no damage.
You shoot an arrow. The arrow barely misses the gnoll.
The jackal bites you but does no damage.
The jackal barely misses you. The gnoll hits you with a +0 club.
You shoot an arrow. The arrow closely misses the gnoll.
The jackal barely misses you. x2; The gnoll closely misses you.
Grinder blinks!
The jackal closely misses you.
You shoot an arrow. The arrow hits the gnoll.
The gnoll is almost dead.
The jackal closely misses you.
The jackal bites you but does no damage.
The jackal bites you. The gnoll hits you with a +0 club.
You shoot an arrow.
The arrow hits the gnoll but does no damage.
The gnoll is almost dead.
The jackal barely misses you. The jackal closely misses you.
The gnoll closely misses you. The jackal closely misses you.
You shoot an arrow. The arrow hits the gnoll.
You kill the gnoll!
The jackal bites you but does no damage.
The jackal barely misses you. x2
You shoot an arrow.
The arrow hits the gnoll but does no damage.
The jackal barely misses you.
The jackal bites you but does no damage.
The gnoll hits you with a +0 club! The jackal barely misses you.
1334 ||| READING 2 scrolls of teleportation.
As you read the scroll of teleportation, it crumbles to dust.
You feel strangely unstable. The jackal closely misses you.
The gnoll hits you with a +0 club!
You die... #...# .>.. #.# #... #.# #..## #.#### gg.$ .....# ###gr## #.##.# #.hhgK#

#.##.#
#.#@###.#.##.#####
#.......#.##.....#
#####.#####........#
#[................####
#.###.#..............<
#.#.#########.####
#.#.# #.# #.#.# #.#
....# #.#


You could see 4 gnolls, a quokka, 2 jackals and a kobold.

Vanquished Creatures
  Jessica (D:2)
  Natasha (thrice) (D:2)
  2 gnolls (D:3)
  2 adders (D:2)
  2 dart slugs (D:1)
  9 endoplasms
  2 giant cockroaches (D:2)
  2 goblins
  5 hobgoblins
  3 quokkas (D:1)
  2 ball pythons
  3 bats
  4 frilled lizards
  5 kobolds
  A rat (D:1)
46 creatures vanquished.

Notes
Turn   | Place    | Note
-------+----------+-------------------------------------------
     0 | D:1      | qw the Deep Elf Hunter began the quest for the Orb.
     0 | D:1      | Reached XP level 1. HP: 12/12 MP: 3/3
     0 | D:1      | 0 ||| qw: Version: 0.3-a-22-g0ed2b0b
     0 | D:1      | 0 ||| qw: Game counter: 5264
     0 | D:1      | 0 ||| qw: Melee chars always use a shield: true
     0 | D:1      | 0 ||| qw: God list: Okawaru
     0 | D:1      | 0 ||| qw: Allow faded altars: false
     0 | D:1      | 0 ||| qw: Do Orc after clearing Dungeon:15 true
     0 | D:1      | 0 ||| qw: Do second Lair branch before Depths: true
     0 | D:1      | 0 ||| qw: Lair rune preference: random
     0 | D:1      | 0 ||| qw: Goals: Normal
     0 | D:1      | 0 ||| PLANNING D:1-11
    78 | D:1      | Reached XP level 2. HP: 13/16 MP: 4/4
   101 | D:1      | Reached skill level 6 in Ranged Weapons
   206 | D:1      | 206 ||| FLEEEEING.
   348 | D:1      | 348 ||| UPGRADING to +0 ring mail.
   358 | D:1      | 358 ||| DROPPING +0 leather armour.
   359 | D:1      | 359 ||| DROPPING ring of magical power.
   360 | D:1      | 360 ||| READING scroll labelled AGUIFA INUOR.
   364 | D:1      | 364 ||| DRINKING 2 smoky orange potions.
   365 | D:1      | 365 ||| DROPPING scroll of butterflies.
   417 | D:2      | Reached XP level 3. HP: 20/20 MP: 5/5
   418 | D:2      | Found an opulent altar of Gozag.
   504 | D:2      | Noticed Natasha
   511 | D:2      | HP: 3/20 [cerulean imp/+1 spear[Natasha] (4)]
   512 | D:2      | Killed Natasha
   513 | D:2      | Reached skill level 7 in Ranged Weapons
   513 | D:2      | Reached XP level 4. HP: 4/25 MP: 6/6
   677 | D:2      | Noticed Natasha
   684 | D:2      | Killed Natasha
   685 | D:2      | Reached skill level 8 in Ranged Weapons
   739 | D:2      | Noticed Natasha
   746 | D:2      | Killed Natasha
   978 | D:2      | Reached XP level 5. HP: 29/29 MP: 7/7
  1020 | D:2      | Identified the +9 hand axe of Understanding {spect, rC+}
  1029 | D:2      | Noticed Jessica
  1034 | D:2      | Killed Jessica
  1245 | D:2      | 1245 ||| UPGRADING to +0 cloak.
  1250 | D:2      | 1250 ||| DRINKING 2 smoky cyan potions.
  1251 | D:2      | 1251 ||| DROPPING potion of brilliance.
  1319 | D:3      | Noticed Grinder
  1333 | D:3      | HP: 2/29 [gnoll/+0 club (7)]
  1334 | D:3      | 1334 ||| READING 2 scrolls of teleportation.
  1334 | D:3      | Slain by a gnoll

Levels and vault maps discovered:
D:1:      dpeg_arrival_pits, layout_rooms
D:2:      wander_river, layout_basic, basic_altar, kennysheep_minor_cross,
          uniq_natasha, uniq_jessica
D:3:      minmay_general_purpose_star, layout_basic,
          nicolae_tso_carved_into_rock, serial_shops,
          nicolae_shop_just_a_little_nook, hex_tiny, uniq_terence, uniq_grinder,
          uniq_robin

Skill      XL: |  1  2  3  4 |
---------------+-------------+-----
Ranged Weapons | 6 7 8 |  8.9
Fighting       | |  1.5
Dodging        | |  2.4
Stealth        | |  1.2

Action                     |  1- 3 |  4- 6 || total
---------------------------+-------+-------++-------
   Fire: Shortbow          |    65 |    62 ||   127
    Use: Scroll            |     1 |     1 ||     2
         Potion            |     1 |     1 ||     2
 Armour: Ring mail         |       |    17 ||    17
  Dodge: Dodged            |     7 |    38 ||    45

Table legend:
 A = Non-vault XP
 B = Vault XP
 C = Vault XP percentage of total XP
 D = Non-vault monster count
 E = Vault monster count
 F = Vault count percentage of total count
                 A         B        C        D         E       F
            +---------+---------+-------+---------+---------+-------
      Total |     190 |      73 |  27.8 |      44 |       2 |   4.3
            +---------+---------+-------+---------+---------+-------
        D:1 |      39 |       0 |   0.0 |      20 |       0 |   0.0
        D:2 |     123 |      73 |  37.2 |      22 |       2 |   8.3
        D:3 |      28 |       0 |   0.0 |       2 |       0 |   0.0
            +---------+---------+-------+---------+---------+-------
